[ AOE2 MATCH · #505196635 ]
UnrankedSpanish vs Teutons
Player's team · LOSS
Rival team · WIN
[ REPLAY ANALYSIS · EXTRACTED FROM THE RECORDED GAME ]
Feudal
11:00
Castle
27:49
Imperial
—
| APM avg | 77.0 |
| APM peak | 134 |
| eAPM avg | 25.5 |
| Villagers / military | 58 / 43 |
Focus
⚔️ 32.3% · 🌾 67.7%
Scout Cavalry ×18 · Skirmisher ×12 · Knight ×5 · Militia ×4 · Spearman ×4
Feudal
9:41
Castle
24:21
Imperial
—
| APM avg | 55.3 |
| APM peak | 95 |
| eAPM avg | 32.1 |
| Villagers / military | 76 / 59 |
Focus
⚔️ 39.3% · 🌾 60.7%
Archer ×23 · Knight ×22 · Spearman ×11 · Scout Cavalry ×3
Match map
Initial resources + every placement click. Lines = walls · curves = elevation contours. ◆ gold · ⬟ stone · ● berries · ✦ relic · ◌ wall gap
Your base· ✓ Closed at 27:49 · 42t walls · 1 gate(s)
manteldon's base· Open — unwalled flank
Smoothed initial terrain · ◌ = detected wall gap · hover for details
Inputs per minute
— uel - - manteldon
Build order — uel
First 150 of 202 actions detected
| 0:01 | Create | Villager (Male) |
| 0:01 | Create | Villager (Male) |
| 0:02 | Create | Villager (Male) |
| 0:02 | Build | House |
| 0:04 | Build | House |
| 0:24 | Create | Villager (Male) |
| 1:42 | Create | Villager (Male) |
| 1:42 | Create | Villager (Male) |
| 1:45 | Build | Lumber Camp |
| 1:50 | Create | Villager (Male) |
| 1:50 | Create | Villager (Male) |
| 2:24 | Create | Villager (Male) |
| 2:24 | Create | Villager (Male) |
| 2:41 | Create | Villager (Male) |
| 3:02 | Create | Villager (Male) |
| 3:31 | Create | Villager (Male) |
| 3:32 | Create | Villager (Male) |
| 3:54 | Build | House |
| 3:55 | Build | House |
| 4:06 | Create | Villager (Male) |
| 4:06 | Create | Villager (Male) |
| 4:21 | Create | Villager (Male) |
| 4:36 | Create | Villager (Male) |
| 4:49 | Build | Barracks |
| 5:02 | Build | Palisade Wall |
| 5:08 | Build | Palisade Wall |
| 5:29 | Build | House |
| 5:30 | Create | Villager (Male) |
| 5:32 | Create | Villager (Male) |
| 5:43 | Create | Militia |
| 5:50 | Create | Militia |
| 6:08 | Create | Militia |
| 6:29 | Create | Militia |
| 6:40 | Create | Villager (Male) |
| 6:43 | Build | Mill |
| 6:44 | Create | Villager (Male) |
| 7:18 | Create | Villager (Male) |
| 7:44 | Create | Villager (Male) |
| 7:52 | Research | Loom |
| 8:50 | Research | Feudal Age |
| 8:51 | Research | Feudal Age |
| 9:04 | Build | Lumber Camp |
| 9:23 | Build | Farm |
| 9:39 | Create | Villager (Male) |
| 10:37 | Create | Villager (Male) |
| 10:37 | Create | Villager (Male) |
| 11:00 | Age | Feudal Age |
| 11:08 | Build | Stable |
| 11:09 | Research | Double-Bit Axe |
| 11:10 | Research | Double-Bit Axe |
| 11:11 | Research | Horse Collar |
| 11:14 | Create | Villager (Male) |
| 11:17 | Build | House |
| 11:18 | Build | House |
| 11:33 | Build | House |
| 11:42 | Create | Scout Cavalry |
| 11:47 | Create | Villager (Male) |
| 11:50 | Build | Farm |
| 11:52 | Build | House |
| 11:56 | Build | Palisade Wall |
| 12:01 | Build | House |
| 12:02 | Build | House |
| 12:06 | Create | Scout Cavalry |
| 12:08 | Create | Villager (Male) |
| 12:15 | Build | Palisade Wall |
| 12:19 | Build | Palisade Wall |
| 12:23 | Create | Villager (Male) |
| 12:25 | Build | Farm |
| 12:43 | Build | Farm |
| 12:47 | Build | Palisade Wall |
| 12:48 | Create | Scout Cavalry |
| 12:51 | Build | Farm |
| 12:57 | Build | Farm |
| 13:07 | Create | Villager (Male) |
| 13:11 | Build | House |
| 13:25 | Build | Farm |
| 13:27 | Build | Farm |
| 13:40 | Create | Scout Cavalry |
| 13:51 | Build | Farm |
| 13:53 | Build | Farm |
| 14:08 | Create | Villager (Male) |
| 14:10 | Build | Farm |
| 14:15 | Create | Villager (Male) |
| 14:17 | Build | Farm |
| 14:19 | Build | Farm |
| 14:32 | Build | Farm |
| 14:46 | Create | Scout Cavalry |
| 14:49 | Create | Villager (Male) |
| 14:51 | Build | Farm |
| 15:07 | Build | Mining Camp |
| 15:16 | Build | Palisade Gate |
| 15:39 | Create | Scout Cavalry |
| 15:40 | Create | Villager (Male) |
| 15:47 | Build | Watch Tower |
| 15:51 | Create | Villager (Male) |
| 15:53 | Build | Farm |
| 16:01 | Create | Villager (Male) |
| 16:04 | Build | House |
| 16:17 | Build | House |
| 16:30 | Build | Mining Camp |
| 16:37 | Create | Scout Cavalry |
| 16:38 | Create | Scout Cavalry |
| 16:40 | Create | Villager (Male) |
| 16:51 | Build | Farm |
| 17:19 | Create | Scout Cavalry |
| 17:35 | Build | Blacksmith |
| 17:38 | Build | Farm |
| 17:40 | Create | Scout Cavalry |
| 17:50 | Build | Watch Tower |
| 17:56 | Research | Bloodlines |
| 18:01 | Create | Villager (Male) |
| 18:03 | Create | Villager (Male) |
| 18:04 | Build | Farm |
| 18:15 | Build | Farm |
| 18:19 | Research | Scale Barding Armor |
| 18:20 | Research | Scale Barding Armor |
| 18:20 | Create | Villager (Male) |
| 18:23 | Build | Farm |
| 18:36 | Build | Mining Camp |
| 18:48 | Create | Scout Cavalry |
| 18:48 | Create | Scout Cavalry |
| 18:58 | Create | Scout Cavalry |
| 19:13 | Create | Scout Cavalry |
| 19:17 | Build | Archery Range |
| 19:21 | Create | Villager (Male) |
| 19:25 | Build | House |
| 19:31 | Build | House |
| 19:38 | Create | Scout Cavalry |
| 19:40 | Build | House |
| 19:49 | Create | Villager (Male) |
| 19:51 | Create | Skirmisher |
| 19:52 | Create | Skirmisher |
| 20:06 | Create | Skirmisher |
| 20:13 | Create | Skirmisher |
| 20:16 | Research | Fletching |
| 20:28 | Create | Skirmisher |
| 20:35 | Create | Skirmisher |
| 20:37 | Create | Scout Cavalry |
| 20:41 | Create | Villager (Male) |
| 20:41 | Create | Villager (Male) |
| 20:55 | Create | Villager (Male) |
| 21:25 | Create | Scout Cavalry |
| 21:40 | Build | Watch Tower |
| 21:49 | Create | Skirmisher |
| 21:57 | Build | Palisade Wall |
| 21:58 | Build | Palisade Wall |
| 21:59 | Build | Palisade Wall |
| 22:00 | Build | Palisade Wall |
| 22:02 | Build | Palisade Wall |
| 22:05 | Create | Skirmisher |
Build order — manteldon
First 150 of 245 actions detected
| 0:00 | Create | Villager (Male) |
| 0:01 | Create | Villager (Male) |
| 0:01 | Create | Villager (Male) |
| 0:01 | Create | Villager (Male) |
| 0:01 | Create | Villager (Male) |
| 0:03 | Build | House |
| 0:04 | Build | House |
| 1:31 | Create | Villager (Male) |
| 1:31 | Create | Villager (Male) |
| 1:50 | Build | Lumber Camp |
| 1:51 | Create | Villager (Male) |
| 1:51 | Create | Villager (Male) |
| 2:11 | Create | Villager (Male) |
| 2:35 | Create | Villager (Male) |
| 2:35 | Create | Villager (Male) |
| 2:36 | Create | Villager (Male) |
| 3:11 | Create | Villager (Male) |
| 3:12 | Create | Villager (Male) |
| 3:12 | Create | Villager (Male) |
| 3:27 | Create | Villager (Male) |
| 3:27 | Create | Villager (Male) |
| 3:27 | Create | Villager (Male) |
| 3:27 | Create | Villager (Male) |
| 3:29 | Build | House |
| 3:43 | Create | Villager (Male) |
| 3:43 | Create | Villager (Male) |
| 3:55 | Build | Mill |
| 4:01 | Create | Villager (Male) |
| 4:26 | Create | Villager (Male) |
| 4:26 | Create | Villager (Male) |
| 5:02 | Research | Loom |
| 5:34 | Create | Villager (Male) |
| 5:59 | Create | Villager (Male) |
| 6:39 | Create | Villager (Male) |
| 6:46 | Create | Villager (Male) |
| 6:48 | Build | House |
| 7:08 | Create | Villager (Male) |
| 7:30 | Research | Feudal Age |
| 7:30 | Research | Feudal Age |
| 8:22 | Build | Barracks |
| 8:32 | Build | Palisade Wall |
| 8:33 | Build | Palisade Wall |
| 8:45 | Build | House |
| 8:47 | Build | House |
| 8:58 | Create | Villager (Male) |
| 9:25 | Create | Villager (Male) |
| 9:41 | Age | Feudal Age |
| 9:51 | Build | Archery Range |
| 9:52 | Create | Villager (Male) |
| 9:54 | Research | Double-Bit Axe |
| 9:54 | Research | Double-Bit Axe |
| 10:11 | Create | Villager (Male) |
| 10:30 | Create | Villager (Male) |
| 10:56 | Build | Mining Camp |
| 10:57 | Create | Villager (Male) |
| 11:00 | Build | House |
| 11:29 | Build | House |
| 11:32 | Create | Archer |
| 11:32 | Create | Archer |
| 11:32 | Create | Archer |
| 11:36 | Build | House |
| 11:49 | Build | Blacksmith |
| 12:03 | Build | Mill |
| 12:12 | Create | Archer |
| 12:12 | Create | Archer |
| 12:13 | Create | Villager (Male) |
| 12:13 | Create | Villager (Male) |
| 12:19 | Build | House |
| 12:25 | Create | Archer |
| 12:31 | Research | Fletching |
| 12:31 | Research | Fletching |
| 12:41 | Create | Villager (Male) |
| 12:46 | Create | Villager (Male) |
| 12:46 | Create | Villager (Male) |
| 12:49 | Build | Farm |
| 12:51 | Build | Farm |
| 12:56 | Create | Archer |
| 12:56 | Create | Archer |
| 12:56 | Create | Archer |
| 13:04 | Build | Watch Tower |
| 13:15 | Create | Spearman |
| 13:15 | Create | Spearman |
| 13:17 | Build | Farm |
| 13:18 | Build | Farm |
| 13:27 | Create | Archer |
| 13:37 | Build | Farm |
| 13:38 | Create | Archer |
| 13:38 | Create | Archer |
| 13:50 | Create | Spearman |
| 13:58 | Build | Palisade Wall |
| 13:59 | Build | Palisade Wall |
| 14:02 | Build | Palisade Wall |
| 14:03 | Build | Palisade Wall |
| 14:03 | Build | Palisade Wall |
| 14:04 | Build | Palisade Wall |
| 14:05 | Build | Palisade Wall |
| 14:09 | Build | Palisade Wall |
| 14:10 | Create | Villager (Male) |
| 14:16 | Build | Palisade Wall |
| 14:18 | Create | Villager (Male) |
| 14:23 | Create | Archer |
| 14:23 | Create | Archer |
| 14:40 | Create | Archer |
| 14:49 | Build | Farm |
| 14:50 | Create | Villager (Male) |
| 14:53 | Create | Spearman |
| 15:08 | Build | Palisade Wall |
| 15:09 | Build | Palisade Wall |
| 15:12 | Build | Palisade Wall |
| 15:12 | Build | Palisade Wall |
| 15:21 | Create | Archer |
| 15:21 | Create | Archer |
| 15:27 | Create | Villager (Male) |
| 15:30 | Create | Spearman |
| 15:33 | Build | Farm |
| 15:33 | Build | Farm |
| 15:36 | Research | Horse Collar |
| 15:36 | Research | Horse Collar |
| 15:39 | Create | Archer |
| 15:54 | Build | Farm |
| 16:01 | Create | Villager (Male) |
| 16:02 | Create | Villager (Male) |
| 16:04 | Build | Farm |
| 16:06 | Build | Farm |
| 16:23 | Create | Archer |
| 16:23 | Create | Archer |
| 16:32 | Create | Villager (Male) |
| 16:34 | Build | Farm |
| 16:46 | Create | Villager (Male) |
| 16:46 | Create | Villager (Male) |
| 16:49 | Build | House |
| 17:00 | Build | House |
| 17:23 | Create | Archer |
| 17:24 | Create | Spearman |
| 17:25 | Create | Villager (Male) |
| 17:28 | Research | Scale Mail Armor |
| 17:28 | Research | Scale Mail Armor |
| 17:37 | Create | Villager (Male) |
| 17:47 | Build | Farm |
| 17:47 | Build | Farm |
| 17:47 | Build | Farm |
| 17:48 | Build | Farm |
| 17:50 | Create | Villager (Male) |
| 17:58 | Build | Palisade Wall |
| 18:03 | Build | House |
| 18:08 | Create | Spearman |
| 18:40 | Create | Spearman |
| 18:40 | Create | Spearman |
| 18:48 | Create | Villager (Male) |
| 18:54 | Create | Spearman |
Match timeline
| 4:49 | uel · first_building Barracks |
| 5:02 | uel · wall_segment Palisade Wall x1 |
| 5:08 | uel · wall_segment Palisade Wall x1 |
| 8:22 | manteldon · first_building Barracks |
| 8:32 | manteldon · wall_segment Palisade Wall x1 |
| 8:33 | manteldon · wall_segment Palisade Wall x1 |
| 9:41 | manteldon · age_up feudal |
| 9:51 | manteldon · first_building Archery Range |
| 11:00 | uel · age_up feudal |
| 11:08 | uel · first_building Stable |
| 11:56 | uel · wall_segment Palisade Wall x1 |
| 12:15 | uel · wall_segment Palisade Wall x7 |
| 12:19 | uel · wall_segment Palisade Wall x7 |
| 12:47 | uel · wall_segment Palisade Wall x3 |
| 13:58 | manteldon · wall_segment Palisade Wall x1 |
| 13:59 | manteldon · wall_segment Palisade Wall x1 |
| 14:02 | manteldon · wall_segment Palisade Wall x1 |
| 14:03 | manteldon · wall_segment Palisade Wall x1 |
| 14:03 | manteldon · wall_segment Palisade Wall x1 |
| 14:04 | manteldon · wall_segment Palisade Wall x1 |
| 14:05 | manteldon · wall_segment Palisade Wall x1 |
| 14:09 | manteldon · wall_segment Palisade Wall x1 |
| 14:16 | manteldon · wall_segment Palisade Wall x5 |
| 15:08 | manteldon · wall_segment Palisade Wall x1 |
| 15:09 | manteldon · wall_segment Palisade Wall x1 |
| 15:12 | manteldon · wall_segment Palisade Wall x1 |
| 15:12 | manteldon · wall_segment Palisade Wall x1 |
| 17:58 | manteldon · wall_segment Palisade Wall x1 |
| 19:17 | uel · first_building Archery Range |
| 21:44 | manteldon · first_building Stable |
| 21:52 | manteldon · wall_segment Palisade Wall x5 |
| 21:57 | uel · wall_segment Palisade Wall x2 |
| 21:58 | uel · wall_segment Palisade Wall x1 |
| 21:59 | uel · wall_segment Palisade Wall x5 |
| 22:00 | uel · wall_segment Palisade Wall x4 |
| 22:02 | uel · wall_segment Palisade Wall x4 |
| 22:08 | manteldon · wall_segment Palisade Wall x1 |
| 22:25 | manteldon · wall_segment Palisade Wall x1 |
| 22:29 | manteldon · wall_segment Palisade Wall x1 |
| 23:37 | uel · wall_segment Palisade Wall x1 |
| 23:37 | uel · wall_segment Palisade Wall x1 |
| 23:56 | uel · first_market_sell 100 stone |
| 23:57 | uel · first_market_buy 100 food |
| 24:10 | uel · wall_segment Palisade Wall x1 |
| 24:11 | uel · wall_segment Palisade Wall x1 |
| 24:13 | uel · wall_segment Palisade Wall x1 |
| 24:21 | manteldon · age_up castle |
| 25:23 | manteldon · first_market_sell 100 wood |
| 25:24 | manteldon · first_market_buy 100 stone |
| 26:02 | uel · wall_segment Palisade Wall x1 |
| 26:55 | uel · wall_segment Palisade Wall x1 |
| 27:49 | uel · age_up castle |
| 27:50 | uel · wall_segment Palisade Wall x1 |
| 29:02 | uel · resign |
[ AI ANALYSIS · 1 CREDIT ]
What really happened in this match?
Wolo.gg analyzes every decision: build order, eco, micro, common mistakes by bracket. Personalized analysis on WhatsApp or Discord in 30 seconds.
Civ guide
Spanish
Perfil
Jugador #9754373